 Dungeon Crawl Stone Soup version 0.18.1-6-gd335043 (console) character file.

5360 Kloppie the Protected (level 10, 0/95 HPs)
             Began as a Minotaur Fighter on May 18, 2016.
             Was a Follower of Qazlal.
             Slain by an unseen horror (10 damage)
             ... on level 9 of the Dungeon.
             The game lasted 00:20:51 (8038 turns).

Kloppie the Protected (Minotaur Fighter)            Turns: 8038, Time: 00:20:52

Health: 0/95       AC: 16    Str: 21    XL:     10   Next: 39%
Magic:  9/9        EV:  8    Int:  5    God:    Qazlal [*.....]
Gold:   412        SH: 14    Dex: 13    Spells: 0 memorised, 9 levels left

rFire  . . .     SeeInvis .     b - +1 falchion (holy)
rCold  . . .     Gourm    .     G - +4 ring mail of the Accordion {rPois Stlth+}
rNeg   . . .     Faith    .     c - +0 shield
rPois  +         Spirit   .     (helmet restricted)
rElec  .         Dismiss  .     C - +1 cloak
rCorr  .         Reflect  +     (no gloves)
SustAt .         Harm     .     m - +1 pair of boots
MR     ++...                    E - +3 amulet of reflection
Stlth  ++........               j - ring of protection from magic
                                h - ring of protection from magic

@: very resistant to hostile enchantments, unstealthy
A: retaliatory headbutt, horns 2
a: Renounce Religion


You were on level 9 of the Dungeon.
You worshipped Qazlal.
Qazlal was aware of your devotion.
You were not hungry.

You visited 2 branches of the dungeon, and saw 10 of its levels.
You also visited: Sewer and Bailey.

You collected 662 gold pieces.
You spent 250 gold pieces at shops.

Inventory:

Hand Weapons
 a - a +1 long sword
 b - a +1 falchion of holy wrath (weapon)
Armour
 c - a +0 shield (worn)
 d - a +0 plate armour of fire resistance
 m - a +1 pair of boots (worn)
 w - a +3 scale mail of magic resistance
 C - a +1 cloak (worn)
 G - the +4 ring mail of the Accordion (worn) {rPois Stlth+}
   (You found it on level 7 of the Dungeon)

   It protects you from poison.
   It makes you more stealthy.
Jewellery
 h - a ring of protection from magic (left hand)
 j - a ring of protection from magic (right hand)
 z - a +4 ring of dexterity
 E - a +3 amulet of reflection (around neck)
Wands
 p - a wand of polymorph (15/24)
 v - a wand of digging (24/24)
 K - a wand of acid (3/15)
Scrolls
 n - 2 scrolls of remove curse
 o - 2 scrolls of enchant weapon
 s - 3 scrolls of teleportation
 u - 3 scrolls of fear
 x - a scroll of identify
 y - a scroll of magic mapping
 A - 4 scrolls of recharging
Potions
 e - 2 potions of lignification
 i - a potion of magic
 k - a potion of cure mutation
 l - 4 potions of flight
 r - a potion of ambrosia {unknown}
 t - a potion of mutation {unknown}
 D - 4 potions of curing {unknown}
Comestibles
 f - 4 bread rations
 g - 5 meat rations
 B - 2 fruits


   Skills:
 + Level 11.1 Fighting
 + Level 10.8 Long Blades
 + Level 11.3 Armour
 - Level 3.6 Shields


You had 9 spell levels left.
You didn't know any spells.

Dungeon Overview and Level Annotations

Branches:
Dungeon (9/15)             Temple (1/1) D:6
   Lair: D:8-11         Orc: D:9-12

Altars:
Ashenzari
Cheibriados
Dithmenos
Elyvilon
Fedhas
Gozag
Kikubaaqudgha
Nemelex Xobeh
Okawaru
Pakellas
Qazlal
Ru
Sif Muna
Trog
Vehumet
Xom
Yredelemnul
Zin
The Shining One

Shops:
D:6 =


Innate Abilities, Weirdness & Mutations

You reflexively headbutt those who attack you in melee.
You have a pair of horns on your head.


Message History

* * * LOW HITPOINT WARNING * * *
Something hits you but does no damage. Something hits you.
* * * LOW HITPOINT WARNING * * *
You barely miss something. You headbutt something. Something hits you.
* * * LOW HITPOINT WARNING * * *
You hit something. Your headbutt misses something. Something hits you.
* * * LOW HITPOINT WARNING * * *
Something hits you but does no damage.
You hit something but do no damage.
Something hits you but does no damage. x2
Drink which item? (? for menu, Esc to quit)
You feel much better. You block something's attack.
Something hits you but does no damage. Something hits you.
* * * LOW HITPOINT WARNING * * *
Something hits you but does no damage. Something hits you.
* * * LOW HITPOINT WARNING * * *
Something hits you!
* * * LOW HITPOINT WARNING * * *
Something hits you!
You die...

#########################
............>...@.......#
.####)####.############.#
.# #)# #.# #.# .# #)# #.#
#.## .# #.# #.# #..# # .#
#.####.########## ##.# #
.####.(....††.......# #[#
# ......(....###.###..#
#.# ### ######.##### #.#
#..# #.# ##..


There were no monsters in sight!

Vanquished Creatures
  The ghost of Jerry the Protected, a novice MiGl of Pakellas (D:9)
  Sigmund (D:3)
  A hippogriff (D:8)
  A water moccasin (D:7)
  Edmund (D:5)
  Purgy (Sewer)
  A necrophage (D:4)
  A sky beast (D:6)
  4 ice beasts
  A phantom (D:8)
  5 orc warriors
  A black bear (D:8)
  3 centaurs
  2 ogres
  A crocodile (D:8)
  3 giant frogs
  A water moccasin zombie (D:5)
  3 scorpions
  16 killer bees
  A howler monkey (D:8)
  5 crimson imps
  3 centaur zombies
  2 orc priests (D:5)
  Crazy Yiuf (D:5)
  5 hounds
  4 orc wizards
  Terence (D:3)
  A giant frog skeleton (D:5)
  An iguana (D:5)
  Ijyb (D:3)
  5 worker ants
  A hound skeleton (D:8)
  11 gnolls
  8 adders
  2 shadow imps
  An ooze (D:2)
  An adder zombie (D:8)
  5 worms
  An adder skeleton (D:4)
  2 dart slugs
  7 giant geckos
  26 orcs
  4 ball pythons
  5 giant cockroaches
  15 hobgoblins
  19 jackals
  3 quokkas
  3 bats
  A giant gecko zombie (D:6)
  12 giant newts
  11 goblins
  16 kobolds
  9 rats
241 creatures vanquished.

Vanquished Creatures (others)
  A two-headed ogre (D:9)
  A lightning spire (D:3)
  3 kobolds (Bailey)
  A bush (D:3)
6 creatures vanquished.

Grand Total: 247 creatures vanquished

Notes
Turn   | Place    | Note
--------------------------------------------------------------
     0 | D:1      | Kloppie the Minotaur Fighter began the quest for the Orb.
     0 | D:1      | Reached XP level 1. HP: 19/19 MP: 0/0
   111 | D:1      | Reached XP level 2. HP: 24/27 MP: 1/1
   568 | D:1      | Reached XP level 3. HP: 33/33 MP: 2/2
  1173 | D:2      | Reached XP level 4. HP: 28/41 MP: 3/3
  1534 | D:2      | HP: 1/41 [gnoll/stone (4)]
  1793 | D:2      | Reached skill level 5 in Fighting
  1793 | D:2      | Reached skill level 5 in Armour
  1793 | D:2      | Reached XP level 5. HP: 30/48 MP: 4/4
  2058 | D:3      | Noticed Terence
  2065 | D:3      | Killed Terence
  2114 | D:3      | Found an oddly glowing altar of Pakellas.
  2156 | D:3      | Noticed Ijyb
  2167 | D:3      | Killed Ijyb
  2206 | D:3      | Noticed Sigmund
  2223 | D:3      | Killed Sigmund
  2223 | D:3      | Reached skill level 5 in Long Blades
  2223 | D:3      | Reached XP level 6. HP: 45/57 MP: 5/5
  2262 | D:3      | Found an oddly glowing altar of Pakellas.
  2263 | D:3      | Noticed a gargoyle
  2367 | D:3      | Found a glowing drain.
  2375 | Sewer    | Entered a sewer
  2467 | Sewer    | Noticed Purgy
  2483 | Sewer    | Killed Purgy
  2676 | D:4      | Reached XP level 7. HP: 63/63 MP: 6/6
  3013 | D:4      | Found a sparkling altar of Nemelex Xobeh.
  3263 | D:5      | Entered Level 5 of the Dungeon
  3270 | D:5      | Noticed Edmund
  3300 | D:5      | Killed Edmund
  3300 | D:5      | Reached XP level 8. HP: 38/72 MP: 7/7
  3620 | D:5      | Noticed Crazy Yiuf
  3625 | D:5      | Killed Crazy Yiuf
  4029 | D:6      | Found Tijiet's Jewellery Emporium.
  4033 | D:6      | Bought a +3 amulet of reflection for 250 gold pieces
  4305 | D:6      | Reached XP level 9. HP: 67/81 MP: 8/8
  4323 | D:6      | Found a staircase to the Ecumenical Temple.
  4328 | Temple   | Entered the Ecumenical Temple
  4657 | D:7      | Got a twisted ring mail
  4661 | D:7      | Found a flagged portal.
  4717 | Bailey   | Entered a bailey
  5098 | Bailey   | Identified the +4 ring mail of the Accordion {rPois Stlth+} (You found it on level 7 of the Dungeon)
  5180 | D:7      | Found a shadowy altar of Dithmenos.
  5880 | D:8      | Reached skill level 10 in Fighting
  5880 | D:8      | Reached skill level 10 in Armour
  6541 | D:7      | Reached skill level 10 in Long Blades
  6627 | Temple   | Became a worshipper of Qazlal Stormbringer
  6845 | D:9      | Reached XP level 10. HP: 77/93 MP: 9/9
  6942 | D:9      | Found an iron altar of Okawaru.
  6947 | D:9      | Noticed Jerry's ghost (novice MiGl)
  6966 | D:9      | Killed Jerry's ghost
  7058 | D:9      | Found a white marble altar of Elyvilon.
  7548 | D:9      | Found a glowing golden altar of the Shining One.
  7548 | D:9      | Found a radiant altar of Vehumet.
  7774 | D:9      | Reached * piety under Qazlal
  8034 | D:9      | HP: 1/95 [something (4)]
  8038 | D:9      | Slain by an unseen horror

Skill      XL: |  1  2  3  4  5  6  7  8  9 10 |
---------------+-------------------------------+-----
Fighting       | 4 5 6 7 8 10 11 | 11.1
Armour         | 4 5 6 7 9 10 11 | 11.3
Long Blades    | 3 4 5 6 8 10 | 10.8
Shields        | |  3.6

Action                   |  1- 3 |  4- 6 |  7- 9 | 10-12 || total
-------------------------+-------+-------+-------+-------++-------
Melee: Long sword        |    99 |   154 |   427 |   107 ||   787
       Headbutt          |    14 |    27 |    88 |    32 ||   161
       Falchion          |       |       |     1 |    35 ||    36
  Use: Scroll            |       |       |    17 |       ||    17
       Potion            |       |       |     2 |     5 ||     7
 Stab: Sleeping          |       |       |     3 |       ||     3
  Eat: Chunk             |     1 |     4 |    14 |       ||    19
       Beef jerky        |       |     1 |       |       ||     1
       Bread ration      |       |       |       |     1 ||     1
Armor: Scale mail        |    52 |   114 |   130 |       ||   296
       Ring mail         |       |       |    65 |   127 ||   192
Dodge: Dodged            |    34 |    61 |   119 |    22 ||   236
Block: Shield            |    65 |   103 |   255 |    90 ||   513
       Reflection        |       |       |    32 |     1 ||    33
